 Dungeon Crawl Stone Soup version 0.30-a0-304-gdc4b735fe1 (webtiles) character file.

Game seed: 5881405652681768584

55 sleeves the Shooter (level 3, -2/20 HPs)
             Began as a Deep Elf Hexslinger on Oct 21, 2022.
             Slain by an adder (3 damage)
             ... on level 2 of the Dungeon.
             The game lasted 00:02:06 (1594 turns).

sleeves the Shooter (Deep Elf Hexslinger)           Turns: 1594, Time: 00:02:07

Health: -2/20      AC:  2    Str:  7    XL:     3   Next: 67%
Magic:  6/7        EV: 13    Int: 17    God:
Gold:   59         SH:  0    Dex: 17    Spells: 4/5 levels left

rFire   + . .      SeeInvis .    b - +2 whip (elec)
rCold   . . .      Faith    .    (no shield)
rNeg    . . .      Spirit   .    c - +0 robe
rPois   .          Reflect  .    (no helmet)
rElec   .          Harm     .    (no cloak)
rCorr   .          Rampage  .    (no gloves)
Will    .....                    (no boots)
Stlth   ++........               (no amulet)
HPRegen 0.23/turn                h - ring of protection from fire
MPRegen 0.10/turn                (no ring)

@: brilliant, lethally poisoned (-2 -> -4), flying
A: no striking features
a: no special abilities


You were on level 2 of the Dungeon.
You visited 1 branch of the dungeon, and saw 2 of its levels.

You collected 59 gold pieces.

Inventory:

Hand Weapons
 a - a +1 sling
 b - a +2 whip of electrocution (weapon)
   (You found it on level 2 of the Dungeon)
Armour
 c - a +0 robe (worn)
Jewellery
 h - a ring of protection from fire (left hand)
   (You found it on level 1 of the Dungeon)
 i - an amulet of guardian spirit
   (You found it on level 1 of the Dungeon)
Scrolls
 d - a scroll of poison
 f - 2 scrolls of blinking {unknown}
 k - a scroll of amnesia {unknown}
 n - a scroll of silence {unknown}
Potions
 e - a potion of resistance
 l - a potion of mutation {unknown}
 m - a potion of brilliance
 o - a potion of might {unknown}


   Skills:
 - Level 0.7 Fighting
 + Level 5.5 Ranged Weapons
 - Level 2.4 Dodging
 - Level 1.5 Spellcasting
 - Level 4.0 Hexes


You had 4 spell levels left.
You knew the following spells:

 Your Spells              Type           Power      Damage    Failure   Level
a - Slow                  Hex            88%        N/A       4%          1

Your spell library contained the following spells:

 Spells                   Type           Power      Damage    Failure   Level
 Sting                    Tmut/Pois      4%         1d3       21%         1
 Inner Flame              Hex/Fire       12%        N/A       26%         3
 Portal Projectile        Hex/Tloc       24%        N/A       26%         3
 Cause Fear               Hex            11%        N/A       36%         4


Dungeon Overview and Level Annotations

Branches:
Dungeon (2/15)

Altars:


Message History

Welcome, sleeves the Deep Elf Hexslinger.
Will you prevail where others failed? Will you find the Orb of Zot?
Press ? for a list of commands and other information.
Found an emerald potion, 2 sedimented red potions, 29 gold pieces and 4 stones.
Found two escape hatches in the floor.
Found a staircase leading out of the dungeon.
d - an emerald potion
e - 2 sedimented red potions
There is a dry fountain here.
You now have 17 gold pieces.
There is a dry fountain here.
You now have 29 gold pieces (gained 12).
Found a robe.
An endoplasm comes into view.
An endoplasm is nearby!
You shoot a sling bullet. The sling bullet hits the endoplasm.
The endoplasm quivers.
The endoplasm is severely wounded.
You shoot a sling bullet. The sling bullet hits the endoplasm.
The endoplasm is almost dead.
An endoplasm is nearby!
You shoot a sling bullet. The sling bullet hits the endoplasm.
You kill the endoplasm!
You see here a +0 robe.
As you open the door, it creaks loudly!
You open the door.
A giant cockroach comes into view.
A giant cockroach is nearby!
You shoot a sling bullet.
The sling bullet hits the giant cockroach.
You kill the giant cockroach!
Your Ranged Weapons skill increases to level 3!
No target in view!
There is an open door here.
A hobgoblin comes into view.
A hobgoblin is nearby!
A hobgoblin is nearby!
You shoot a sling bullet. The sling bullet hits the hobgoblin.
You kill the hobgoblin!
f - a scroll labelled VEUSATH RELIU A frilled lizard comes into view.
The frilled lizard hisses angrily.
A frilled lizard is nearby!
You shoot a sling bullet.
The sling bullet closely misses the frilled lizard.
You shoot a sling bullet.
The sling bullet closely misses the frilled lizard.
You shoot a sling bullet.
The sling bullet closely misses the frilled lizard.
You shoot a sling bullet.
The sling bullet barely misses the frilled lizard.
You shoot a sling bullet.
The sling bullet hits the frilled lizard.
You kill the frilled lizard!
No target in view!
You see here a frilled lizard corpse.
You open the door.
There is an open door here.
A bat comes into view.
A bat is nearby!
A bat is nearby!
You shoot a sling bullet. The sling bullet hits the bat.
You kill the bat!
A goblin comes into view. It is wielding a +0 club.
A goblin is nearby!
A goblin is nearby!
You shoot a sling bullet.
The sling bullet closely misses the goblin.
You shoot a sling bullet. The sling bullet hits the goblin.
The goblin is almost dead.
The goblin hits you with a +0 club. x2
* * * LOW HITPOINT WARNING * * *
You are too injured to fight recklessly!
You are too injured to fight recklessly!
You are too injured to fight recklessly!
Aiming: Slow (safe; 4% risk of failure)
Press: ? - help, Q - select action, (/) - cycle Shift-Dir - straight line, f/p - goblin
Aim: a goblin, wielding a +0 club (almost dead, chance to affect: 65%)
The goblin struggles to resist.
The goblin barely misses you.
Aiming: Slow (safe; 4% risk of failure)
Press: ? - help, Q - select action, (/) - cycle Shift-Dir - straight line, f/p - goblin
Aim: a goblin, wielding a +0 club (almost dead, chance to affect: 65%)
The goblin seems to slow down.
Casting: Slow (safe; 4% risk of failure)
Confirm with . or Enter, or press ? or * to list all spells.
Aiming: Slow (safe; 4% risk of failure)
Press: ? - help, Shift-Dir - straight line, f/p - goblin
Aim: a goblin, wielding a +0 club (almost dead, slow, chance to affect: 65%)
Okay, then.
Fire: a) +1 sling
Press: ? - help, Q - select action, (/) - cycle Shift-Dir - straight line, f/p - goblin
Aim: a goblin, wielding a +0 club (almost dead, slow, 50% to hit)
You shoot a sling bullet. The sling bullet hits the goblin.
You kill the goblin!
Magic restored.
HP restored.
You see here a +0 club.
A kobold comes into view. It is wielding a +0 whip.
A kobold is nearby!
A kobold is nearby!
You shoot a sling bullet.
The sling bullet hits the kobold but does no damage.
The kobold shouts!
You shoot a sling bullet. The sling bullet hits the kobold!
You kill the kobold!
No target in view!
A ball python comes into view.
A ball python is nearby!
A ball python is nearby!
You shoot a sling bullet. The sling bullet hits the ball python.
You kill the ball python!
You have reached level 2!
You open the door.
A rat comes into view.
A rat is nearby!
A rat is nearby!
You shoot a sling bullet. The sling bullet hits the rat.
You kill the rat!
You hear a shout!
A hobgoblin comes into view.
You shoot a sling bullet.
The sling bullet closely misses the hobgoblin.
You shoot a sling bullet. The sling bullet hits the hobgoblin.
You kill the hobgoblin!
No target in view!
There is an open door here.
You open the door.
A ball python comes into view.
The ball python hisses angrily.
An endoplasm comes into view.
There are monsters nearby!
You shoot a sling bullet. The endoplasm quivers.
The sling bullet hits the ball python.
The ball python is severely wounded.
The ball python barely misses you. The ball python grabs you.
The ball python constricts you.
You shoot a sling bullet. The sling bullet hits the ball python.
You kill the ball python!
You shoot a sling bullet. The sling bullet hits the endoplasm!
You kill the endoplasm!
Your Ranged Weapons skill increases to level 4!
No target in view!
There is an open door here.
There is an open door here.
You open the door.
There is an open door here.
A kobold comes into view. It is wielding a +0 dagger.
The kobold shouts!
A kobold is nearby!
A kobold is nearby!
You shoot a sling bullet.
The sling bullet barely misses the kobold.
You shoot a sling bullet. The sling bullet hits the kobold.
You kill the kobold!
No target in view!
A goblin comes into view. It is wielding a +0 club.
The goblin shouts!
A goblin is nearby!
A goblin is nearby!
You shoot a sling bullet. The sling bullet hits the goblin.
You kill the goblin!
No target in view!
A rat comes into view.
A rat is nearby!
A rat is nearby!
You shoot a sling bullet. The sling bullet barely misses the rat.
You shoot a sling bullet.
The sling bullet completely misses the rat.
You shoot a sling bullet. The sling bullet barely misses the rat.
The rat barely misses you.
You shoot a sling bullet. The sling bullet hits the rat.
You kill the rat!
No target in view!
A hobgoblin comes into view.
A hobgoblin is nearby!
A hobgoblin is nearby!
You shoot a sling bullet. The sling bullet hits the hobgoblin.
You kill the hobgoblin!
No target in view!
You see here a hobgoblin corpse.
You see here a hobgoblin corpse.
Things that are here:
a +0 dagger; 5 stones; a kobold corpse
g - a sedimented yellow potion
h - a ring of protection from fire You open the door.
A dart slug comes into view.
The dart slug launches a dart at you. The slug dart misses you.
Okay, then.
You shoot a sling bullet. The sling bullet hits the dart slug.
The dart slug is lightly wounded.
The dart slug launches a dart at you. The slug dart hits you.
You shoot a sling bullet.
The sling bullet hits the dart slug but does no damage.
The dart slug is lightly wounded.
You shoot a sling bullet. The sling bullet hits the dart slug.
The dart slug is heavily wounded.
The dart slug launches a dart at you. The slug dart hits you.
You shoot a sling bullet. The sling bullet hits the dart slug.
The dart slug is severely wounded.
You shoot a sling bullet. The sling bullet hits the dart slug.
The dart slug is severely wounded.
The dart slug launches a dart at you. The slug dart misses you.
You shoot a sling bullet.
The sling bullet hits the dart slug but does no damage.
The dart slug is severely wounded.
The dart slug bites you but does no damage.
You shoot a sling bullet. The sling bullet hits the dart slug!
You kill the dart slug!
No target in view!
No target in view!
h - a ring of protection from fire (left hand)
There is an open door here.
You see here a dart slug corpse.
You open the door.
There is an open door here.
A rat comes into view.
A rat is nearby!
A rat is nearby!
You shoot a sling bullet.
The sling bullet hits the rat but does no damage.
You shoot a sling bullet. The sling bullet hits the rat.
You kill the rat!
No target in view!
You now have 38 gold pieces (gained 9).
You now have 40 gold pieces (gained 2).
You open the door.
A hobgoblin comes into view.
The hobgoblin shouts!
A hobgoblin is nearby!
A hobgoblin is nearby!
You shoot a sling bullet. The sling bullet hits the hobgoblin.
The hobgoblin is moderately wounded.
You shoot a sling bullet.
The sling bullet closely misses the hobgoblin.
You shoot a sling bullet.
The sling bullet hits the hobgoblin but does no damage.
The hobgoblin is moderately wounded.
An endoplasm comes into view.
There are monsters nearby!
There are monsters nearby!
You shoot a sling bullet.
The sling bullet barely misses the hobgoblin.
The endoplasm quivers.
The sling bullet hits the endoplasm!
You kill the endoplasm!
You shoot a sling bullet.
The sling bullet barely misses the hobgoblin.
You shoot a sling bullet.
The sling bullet hits the hobgoblin but does no damage.
The hobgoblin is moderately wounded.
The hobgoblin closely misses you. The hobgoblin barely misses you.
You shoot a sling bullet. The sling bullet hits the hobgoblin.
The hobgoblin is severely wounded.
The hobgoblin hits you.
You shoot a sling bullet.
The sling bullet barely misses the hobgoblin.
The hobgoblin barely misses you.
You shoot a sling bullet.
The sling bullet barely misses the hobgoblin.
The hobgoblin completely misses you.
You shoot a sling bullet. The sling bullet hits the hobgoblin!
You kill the hobgoblin!
No target in view!
There is an open door here.
f - 2 scrolls labelled VEUSATH RELIU (gained 1)
You are caught in the web!
Found a faded altar of an unknown god.
There is a web here.
You struggle to detach yourself from the web.
You disentangle yourself.
You pick up Plato's Octavo of the Stinger and begin reading...
You add the spell Sting to your library.
There is a faded altar of an unknown god here.
No target in view!
You now have 47 gold pieces (gained 7).
Found a ring mail.
You see here a +0 ring mail.
A hobgoblin comes into view.
The hobgoblin shouts!
A hobgoblin is nearby!
You shoot a sling bullet.
The sling bullet completely misses the hobgoblin.
You shoot a sling bullet. The sling bullet hits the hobgoblin.
The hobgoblin is severely wounded.
The hobgoblin hits you.
You shoot a sling bullet.
The sling bullet closely misses the hobgoblin.
The hobgoblin closely misses you.
You shoot a sling bullet. The sling bullet hits the hobgoblin.
You kill the hobgoblin!
No target in view!
No target in view!
No target in view!
No target in view!
No target in view!
There is a dry fountain here.
You see here 4 stones.
You see here 4 stones.
There is a dry fountain here.
There is an open door here.
You see here a +0 club.
Things that are here:
a +0 dagger; 5 stones; a kobold skeleton You see here a rat skeleton.
Key pressed, stopping explore.
You open the door.
There is an open door here.
You open the door.
Found a stone staircase leading down.
There is an open door here.
Found a stone staircase leading down.
i - an amulet of guardian spirit Search for what [? for help]? alt
There is an open door here.
There is an open door here.
There is a faded altar of an unknown god here.
This altar belongs to (a) Jiyva, (b) Ashenzari or (c) Xom, but you can't tell which.
Press the corresponding letter to learn more about a god, or press enter to convert or escape to cancel.
Okay, then.
Unknown command.
Press < or > to pray at altars.
You open the door.
There is an open door here.
There is an open door here.
There is an open door here.
Found a stone staircase leading down.
There is a stone staircase leading down here.
Done exploring.
Done exploring.
(D) Dungeon
Where to? (Enter - D:1 @ (x,y), ? - help)
There is a stone staircase leading down here.
You climb downwards.
Found 5 gold pieces.
There is a stone staircase leading up here.
You now have 52 gold pieces (gained 5).
You open the door.
A hobgoblin comes into view.
There is an open door here.
A hobgoblin is nearby!
You shoot a sling bullet. The sling bullet hits the hobgoblin.
The hobgoblin shouts!
The hobgoblin is moderately wounded.
You shoot a sling bullet.
The sling bullet closely misses the hobgoblin.
You shoot a sling bullet. The sling bullet hits the hobgoblin.
The hobgoblin is heavily wounded.
You shoot a sling bullet.
The sling bullet closely misses the hobgoblin.
You shoot a sling bullet.
The sling bullet barely misses the hobgoblin.
You shoot a sling bullet. The sling bullet hits the hobgoblin.
You kill the hobgoblin!
No target in view!
No target in view!
You open the door.
There is an open door here.
An endoplasm comes into view.
The endoplasm quivers.
An endoplasm is nearby!
An endoplasm is nearby!
You shoot a sling bullet.
The sling bullet hits the endoplasm but does no damage.
You shoot a sling bullet. The sling bullet hits the endoplasm.
The endoplasm is almost dead.
You shoot a sling bullet.
The sling bullet barely misses the endoplasm.
The endoplasm hits you.
You shoot a sling bullet. The sling bullet hits the endoplasm.
You kill the endoplasm!
No target in view!
HP restored.
Found a whip and a short sword.
You see here a +0 whip.
You see here a +0 short sword.
A goblin comes into view. It is wielding a +0 dagger.
A goblin is nearby!
You shoot a sling bullet. The sling bullet hits the goblin!
You kill the goblin!
You have reached level 3!
Your experience leads to an increase in your attributes!
Increase (S)trength, (I)ntelligence, or (D)exterity?
You feel agile. x2
You see here a +0 dagger.
A hobgoblin comes into view.
A hobgoblin is nearby!
You shoot a sling bullet. The sling bullet hits the hobgoblin.
You kill the hobgoblin!
No target in view!
A ball python comes into view.
The ball python hisses angrily.
A ball python is nearby!
You shoot a sling bullet. The sling bullet hits the ball python.
You kill the ball python!
No target in view!
No target in view!
You see here a ball python corpse.
A rat comes into view.
A rat is nearby!
A rat is nearby!
You shoot a sling bullet. The sling bullet hits the rat.
You kill the rat!
No target in view!
A hobgoblin comes into view.
The hobgoblin shouts!
A hobgoblin is nearby!
You shoot a sling bullet. The sling bullet hits the hobgoblin.
The hobgoblin is moderately wounded.
No target in view!
No target in view!
No target in view!
You see here a rat corpse.
A hobgoblin is nearby!
A hobgoblin is nearby!
You shoot a sling bullet.
The sling bullet barely misses the hobgoblin.
You shoot a sling bullet. The sling bullet hits the hobgoblin!
You kill the hobgoblin!
No target in view!
You open the door.
A quokka comes into view.
You shoot a sling bullet. The sling bullet hits the quokka.
The quokka is almost dead.
A quokka is nearby!
A quokka is nearby!
You shoot a sling bullet.
The sling bullet completely misses the quokka.
You shoot a sling bullet. The sling bullet hits the quokka.
You kill the quokka!
No target in view!
A bat comes into view.
There is an open door here.
A bat is nearby!
A bat is nearby!
You shoot a sling bullet.
The sling bullet closely misses the bat.
You shoot a sling bullet. The sling bullet hits the bat!
You kill the bat!
No target in view!
You see here a bat corpse.
You open the door.
There is an open door here.
Found a stone staircase leading up.
You now have 59 gold pieces (gained 7).
j - a coppery potion A bat comes into view.
You shoot a sling bullet. The sling bullet hits the bat.
The bat is heavily wounded.
A bat is nearby!
You shoot a sling bullet. The sling bullet hits the bat.
You kill the bat!
Your Ranged Weapons skill increases to level 5!
No target in view!
No target in view!
You see here a bat corpse.
A ball python comes into view.
A ball python is nearby!
A ball python is nearby!
You shoot a sling bullet.
The sling bullet closely misses the ball python.
No target in view!
A ball python is nearby!
A ball python is nearby!
You shoot a sling bullet. The sling bullet hits the ball python!
You kill the ball python!
No target in view!
No target in view!
No target in view!
No target in view!
No target in view!
No target in view!
An endoplasm comes into view.
An endoplasm is nearby!
An endoplasm is nearby!
You shoot a sling bullet.
The sling bullet barely misses the endoplasm.
You shoot a sling bullet. The sling bullet hits the endoplasm.
The endoplasm is lightly wounded.
The endoplasm barely misses you.
You shoot a sling bullet. The sling bullet hits the endoplasm.
You kill the endoplasm!
No target in view!
You open the door.
There is an open door here.
There is an open door here.
There is a stone staircase leading up here.
A rat comes into view.
A rat is nearby!
A rat is nearby!
You shoot a sling bullet.
The sling bullet hits the rat but does no damage.
You shoot a sling bullet. The sling bullet hits the rat.
You kill the rat!
No target in view!
k - a scroll labelled QAG ZARETEVVI
Found a stone staircase leading down.
A goblin comes into view. It is wielding a +0 dagger.
Found an orange potion.
You shoot a sling bullet. The sling bullet hits the goblin.
The goblin shouts!
The goblin is moderately wounded.
You hear an angry hiss.
You shoot a sling bullet. The sling bullet hits the goblin.
The goblin is heavily wounded.
You shoot a sling bullet. The sling bullet hits the goblin.
The goblin is severely wounded.
The goblin hits you with a +0 dagger.
A goblin is nearby!
You shoot a sling bullet.
The sling bullet closely misses the goblin.
A frilled lizard comes into view.
The goblin misses you.
You shoot a sling bullet. The sling bullet misses the goblin.
The goblin closely misses you.
There are monsters nearby!
There are monsters nearby!
You shoot a sling bullet.
The sling bullet barely misses the goblin.
The goblin hits you with a +0 dagger.
You shoot a sling bullet.
The sling bullet closely misses the goblin.
The goblin misses you.
You shoot a sling bullet. The sling bullet hits the goblin.
You kill the goblin!
You shoot a sling bullet.
The sling bullet barely misses the frilled lizard.
You shoot a sling bullet.
The sling bullet barely misses the frilled lizard.
The frilled lizard bites you but does no damage.
You shoot a sling bullet.
The sling bullet closely misses the frilled lizard.
The frilled lizard closely misses you.
You shoot a sling bullet.
The sling bullet hits the frilled lizard.
You kill the frilled lizard!
No target in view!
No target in view!
No target in view!
No target in view!
No target in view!
No target in view!
No target in view!
No target in view!
No target in view!
Things that are here:
a +0 dagger; a goblin corpse
Found a leather armour.
l - an orange potion
m - 2 fuming purple potions No target in view!
No target in view!
n - a scroll labelled GADUXKU YCSEPA
o - a green potion You open the door.
An adder comes into view.
You shoot a sling bullet. The sling bullet hits the adder.
The adder hisses angrily.
The adder is lightly wounded.
The adder bites you but does no damage.
You shoot a sling bullet.
The sling bullet closely misses the adder.
The adder bites you.
You are poisoned.
The adder poisons you!
You shoot a sling bullet. The sling bullet hits the adder.
The adder is moderately wounded.
You feel sick. The adder bites you. x2
Casting: Slow (safe; 4% risk of failure)
Confirm with . or Enter, or press ? or * to list all spells.
Aiming: Slow (safe; 4% risk of failure)
Press: ? - help, Shift-Dir - straight line, f/p - adder
Aim: an adder (moderately wounded, chance to affect: 56%)
You miscast Slow.
You are very lightly contaminated with residual magic.
Nothing appears to happen.
You feel sick. The adder bites you.
* * * LOW HITPOINT WARNING * * *
Casting: Slow (safe; 4% risk of failure)
Confirm with . or Enter, or press ? or * to list all spells.
Aiming: Slow (safe; 4% risk of failure)
Press: ? - help, Shift-Dir - straight line, f/p - adder
Aim: an adder (moderately wounded, chance to affect: 56%)
The adder seems to slow down.
You feel sick. The adder bites you.
* * * LOW HITPOINT WARNING * * *
You are lethally poisoned!
The adder poisons you!
It was a potion of resistance.
You feel protected.
* * * LOW HITPOINT WARNING * * *
You feel sick. The adder bites you but does no damage.
It was a potion of curing.
You feel better. The adder closely misses you.
Fire: a) +1 sling
Press: ? - help, Q - select action, (/) - cycle Shift-Dir - straight line, f/p - adder
Aim: an adder (moderately wounded, slow, 42% to hit)
You shoot a sling bullet. The sling bullet hits the adder!
You kill the adder!
Your magical contamination has completely faded away.
Magic restored.
There is an open door here.
You start to feel less resistant.
Your resistance to elements expires.
An endoplasm comes into view.
An endoplasm is nearby!
An endoplasm is nearby!
You shoot a sling bullet. The sling bullet hits the endoplasm.
The endoplasm is lightly wounded.
You shoot a sling bullet. The sling bullet hits the endoplasm.
The endoplasm is almost dead.
You shoot a sling bullet. The sling bullet hits the endoplasm.
You kill the endoplasm!
No target in view!
No target in view!
You see here a +2 whip of electrocution.
A hobgoblin comes into view.
A hobgoblin is nearby!
You shoot a sling bullet. The sling bullet hits the hobgoblin.
The hobgoblin is severely wounded.
You shoot a sling bullet. The sling bullet hits the hobgoblin.
You kill the hobgoblin!
No target in view!
No target in view!
A kobold comes into view. It is wielding a +0 dagger.
A kobold is nearby!
A kobold is nearby!
You shoot a sling bullet. The sling bullet hits the kobold.
You kill the kobold!
No target in view!
No target in view!
You see here a +2 whip of electrocution.
d - a +2 whip of electrocution Adjust (i)tems, (s)pells, or (a)bilities?
d - a +2 whip of electrocution Adjust to which letter? (? for menu, Esc to quit)
b - a +2 whip of electrocution;
d - a scroll of poison You hear the crackle of electricity.
b - a +2 whip of electrocution (weapon)
Your +2 whip of electrocution stops crackling.
a - a +1 sling (weapon)
A rat comes into view.
A rat is nearby!
A rat is nearby!
You shoot a sling bullet. The sling bullet hits the rat.
The rat is moderately wounded.
You shoot a sling bullet.
The sling bullet completely misses the rat.
You shoot a sling bullet. The sling bullet barely misses the rat.
A rat is nearby!
A rat is nearby!
A rat is nearby!
You shoot a sling bullet. The sling bullet hits the rat.
The rat is severely wounded.
The rat completely misses you.
You shoot a sling bullet. The sling bullet hits the rat.
You kill the rat!
You open the door.
An adder comes into view.
The adder closely misses you.
Found a fuming purple potion.
Found a stone staircase leading down.
An adder is nearby!
An adder is nearby!
An adder is nearby!
You hear the crackle of electricity.
b - a +2 whip of electrocution (weapon)
You miss the adder. The adder bites you. The adder barely misses you.
You barely miss the adder. The adder closely misses you.
You miss the adder. The adder closely misses you. The adder bites you.
You are poisoned.
The adder poisons you!
You barely miss the adder.
You feel sick. The adder misses you.
You hit the adder.
The adder is lightly wounded.
You feel sick. The adder barely misses you. x2
You are too injured to fight recklessly!
Casting: Slow (safe; 4% risk of failure)
Confirm with . or Enter, or press ? or * to list all spells.
Aiming: Slow (safe; 4% risk of failure)
Press: ? - help, Shift-Dir - straight line, f - adder
Aim: an adder (lightly wounded, chance to affect: 56%)
The adder resists with significant effort.
You feel sick. The adder bites you.
* * * LOW HITPOINT WARNING * * *
You are more poisoned.
The adder poisons you!
Casting: Slow (safe; 4% risk of failure)
Confirm with . or Enter, or press ? or * to list all spells.
Aiming: Slow (safe; 4% risk of failure)
Press: ? - help, Shift-Dir - straight line, f/p - adder
Aim: an adder (lightly wounded, chance to affect: 56%)
The adder seems to slow down.
You feel sick. The adder bites you.
* * * LOW HITPOINT WARNING * * *
You are lethally poisoned!
The adder poisons you!
It was a potion of brilliance.
You feel clever all of a sudden.
* * * LOW HITPOINT WARNING * * *
You feel very sick. The adder bites you.
* * * LOW HITPOINT WARNING * * *
It was a potion of flight.
You feel very buoyant.
You fly up into the air.
* * * LOW HITPOINT WARNING * * *
You feel sick.
It was a potion of heal wounds.
You feel much better.
You feel sick. The adder bites you.
You are more poisoned.
The adder poisons you!
You barely miss the adder.
The adder is lightly wounded.
You feel very sick. The adder barely misses you.
You hit the adder.
The adder is moderately wounded.
You feel sick. The adder barely misses you.
You hit the adder.
The adder is heavily wounded.
You feel sick. The adder bites you but does no damage.
You barely miss the adder.
The adder is heavily wounded.
You feel sick. The adder bites you.
* * * LOW HITPOINT WARNING * * *
You hit the adder.
The adder is almost dead.
You feel sick.
The adder is no longer moving slowly.
The adder bites you.
* * * LOW HITPOINT WARNING * * *
You hit the adder but do no damage.
The adder is almost dead.
You feel sick. The adder bites you.
* * * LOW HITPOINT WARNING * * *
You are lethally poisoned!
The adder poisons you!
You miss the adder.
The adder is almost dead.
* * * LOW HITPOINT WARNING * * *
You feel sick. The adder barely misses you.
You miss the adder.
The adder is almost dead.
* * * LOW HITPOINT WARNING * * *
You feel sick. The adder bites you.
* * * LOW HITPOINT WARNING * * *
The adder barely misses you.
You hit the adder but do no damage.
The adder is almost dead.
* * * LOW HITPOINT WARNING * * *
You feel sick. The adder bites you.
You die...

#......>..# .###
+..!......+ ....
......... .###
....... ..... ...
#S# #@# #.#
##.########
##.....^...#
.###........#.
............#
...####..#.......
.# #..#####.##
#..#####.#


You could see an adder.

Vanquished Creatures
  An adder (D:2)
  A dart slug (D:1)
  6 endoplasms
  A giant cockroach (D:1)
  4 goblins
  9 hobgoblins
  A quokka (D:2)
  4 ball pythons
  3 bats
  2 frilled lizards
  3 kobolds
  6 rats
41 creatures vanquished.

Notes
Turn   | Place    | Note
-------+----------+-------------------------------------------
     0 | D:1      | sleeves the Deep Elf Hexslinger began the quest for the
                  | Orb.
     0 | D:1      | Reached XP level 1. HP: 11/11 MP: 5/5
    61 | D:1      | Reached skill level 3 in Ranged Weapons
   176 | D:1      | HP: 5/11 [goblin/+0 club (4)]
   244 | D:1      | Reached XP level 2. HP: 16/16 MP: 6/6
   266 | D:1      | Reached skill level 4 in Ranged Weapons
   600 | D:1      | Found a faded altar of an unknown god.
   607 | D:1      | Got Plato's Octavo of the Stinger
  1056 | D:2      | Reached XP level 3. HP: 20/20 MP: 7/7
  1207 | D:2      | Reached skill level 5 in Ranged Weapons
  1411 | D:2      | HP: 10/20 [poisoned by an adder]
  1581 | D:2      | HP: 9/20 [adder (3)]
  1583 | D:2      | HP: 3/20 [adder (2)]
  1584 | D:2      | HP: 1/20 [poisoned by an adder]
  1589 | D:2      | HP: 10/20 [poisoned by an adder]
  1592 | D:2      | HP: 4/20 [poisoned by an adder]
  1594 | D:2      | HP: 1/20 [poisoned by an adder]
  1594 | D:2      | Slain by an adder

Illustrated notes

Levels and vault maps discovered:
D:1:      dpeg_arrival_leaves_temple_mockup, layout_loops_corners,
          shapermc_ecumenical_altar_rom_forum
D:2:      layout_loops_corners

Skill      XL: |  1  2  3 |
---------------+----------+-----
Ranged Weapons | 3 4 5 |  5.5
Fighting       | |  0.7
Dodging        | |  2.4
Spellcasting   | |  1.5
Hexes          | |  4.0

Action                   || total
-------------------------++-------
Melee: Whip              ||    14
 Fire: Sling             ||   112
 Cast: Slow              ||     5
  Use: Potion            ||     5
Armor: Robe              ||     5
Dodge: Dodged            ||    28

Table legend: (Time is in decaauts)
 A = Elapsed time spent in this place.
 B = Non-inter-level travel time spent in this place.
 C = Inter-level travel time spent in this place.
 D = Time resting spent in this place.
 E = Time spent auto-exploring this place.
 F = Levels seen in this place.
 G = Mean time per level.
                   A        B        C        D        E       F      G
               +--------+--------+--------+--------+--------+-----+--------+
         Total |   1612 |   1543 |     69 |      0 |   1312 |   2 |  806.0 |
       Dungeon |   1612 |   1543 |     69 |      0 |   1312 |   2 |  806.0 |
               +--------+--------+--------+--------+--------+-----+--------+

Top non-repeatable levels by time:
     D:1: 991 daAuts
     D:2: 620 daAuts
